 Dungeon Crawl Stone Soup version 0.17.0-57-g0e89251 (webtiles) character file.

448 JokEr the Chopper (level 6, -2/58 HPs)
             Began as a Minotaur Berserker on Dec 7, 2015.
             Was an Elder of Trog.
             Killed from afar by an orc wizard (10 damage)
             ... with a puff of flame
             ... on level 4 of the Dungeon.
             The game lasted 00:08:16 (3369 turns).

JokEr the Chopper (Minotaur Berserker)              Turns: 3369, Time: 00:08:19

Health: -2/58      AC:  8    Str: 23    XL:     6   Next: 73%
Magic:  5/5        EV:  8    Int:  4    God:    Trog [****..]
Gold:   193        SH:  0    Dex: 10    Spells: 0 memorised, 5 levels left

rFire  . . .     SeeInvis .     a - +0 hand axe
rCold  . . .     Clarity  .     j - +0 chain mail
rNeg   . . .     SustAt   .     (no shield)
rPois  .         Gourm    .     (helmet restricted)
rElec  .         Spirit   .     (no cloak)
rCorr  .         Warding  .     (no gloves)
rMut   .         Stasis   .     (no boots)
MR     .....                    (no amulet)
Stlth  ..........               (no ring)
                                (no ring)

@: not resistant to hostile enchantments, extremely unstealthy
A: retaliatory headbutt, horns 2
a: Berserk, Trog's Hand, Brothers in Arms, Burn Spellbooks, Renounce Religion


You were on level 4 of the Dungeon.
You worshipped Trog.
Trog was greatly pleased with you.
You were full.

You visited 1 branch of the dungeon, and saw 4 of its levels.

You collected 193 gold pieces.

Inventory:

Hand Weapons
 a - a +0 hand axe (weapon)
Armour
 b - a +0 animal skin
 j - a +0 chain mail (worn)
Scrolls
 l - a scroll of fear
 p - 2 scrolls of magic mapping {unknown}
 q - a scroll of teleportation {unknown}
 r - a scroll of identify
Potions
 c - a potion of magic {unknown}
 e - a potion of heal wounds {unknown}
 f - a potion of cancellation {unknown}
 g - a potion of lignification {unknown}
 h - a potion of flight {unknown}
 i - a potion of degeneration {unknown}
 k - a potion of agility {unknown}
 o - a potion of curing
Comestibles
 d - 2 meat rations
 m - a slice of pizza
 n - 3 bread rations


   Skills:
 + Level 6.8 Fighting
 + Level 7.2 Axes
 - Level 2.4 Armour
 - Level 2.1 Dodging


You had 5 spell levels left.
You didn't know any spells.

Dungeon Overview and Level Annotations

Branches:
Dungeon (4/15)
 Temple: D:4-7

Altars:
Okawaru
Qazlal
Ru
Vehumet
Yredelemnul

Shops:
D:4 [


Innate Abilities, Weirdness & Mutations

You reflexively headbutt those who attack you in melee.
You have a pair of horns on your head.


Message History

* * * LOW HITPOINT WARNING * * *
You are too injured to fight recklessly!
You are too injured to fight recklessly!
You are too injured to fight recklessly!
You hit the orc wizard but do no damage.
Your headbutt misses the orc wizard.
The orc wizard is almost dead.
The orc wizard hits you but does no damage.
The orc wizard miscasts a cantrip.
You barely miss the orc wizard. You headbutt the orc wizard.
The orc wizard is almost dead.
The orc wizard hits you with a dagger.
* * * LOW HITPOINT WARNING * * *
You miss the orc wizard. Your headbutt misses the orc wizard.
The orc wizard is almost dead.
The orc wizard hits you with a dagger.
* * * LOW HITPOINT WARNING * * *
The orc wizard casts a spell at you. The puff of flame hits you!
You die...

#.# .$. ..#
# #.# .#
#.##.##
#.#...###
#)o......
#@# #.#
###....##
#.#
##.......#
#.# #.#
.........
#.#####.#
....... #.
#.##....#
###....#####
#..
#.##.####
#........
..# #.#
#.##.# #.#
#...# #.#
#.# #.##.#
#.#
#..)###.#


You could see an orc wizard.

Vanquished Creatures
  An ogre (D:4)
  A hound (D:4)
  5 orc wizards (D:4)
  A worker ant (D:4)
  6 adders
  A river rat (D:3)
  2 oozes
  3 worms
  7 giant geckos
  11 orcs (D:4)
  2 giant cockroaches (D:3)
  5 hobgoblins
  2 quokkas
  2 ball pythons (D:3)
  7 bats
  5 giant newts
  2 gnoll zombies (D:3)
  9 goblins
  9 kobolds
  13 rats
94 creatures vanquished.

Notes
Turn   | Place    | Note
--------------------------------------------------------------
     0 | D:1      | JokEr the Minotaur Berserker began the quest for the Orb.
     0 | D:1      | Reached XP level 1. HP: 19/19 MP: 0/0
   108 | D:1      | Reached skill level 4 in Fighting
   183 | D:1      | Reached XP level 2. HP: 25/27 MP: 1/1
   706 | D:2      | Reached ** piety under Trog
   710 | D:2      | Reached XP level 3. HP: 32/34 MP: 2/2
   796 | D:2      | Found a radiant altar of Vehumet.
  1196 | D:2      | Reached skill level 5 in Fighting
  1236 | D:2      | Reached XP level 4. HP: 42/42 MP: 3/3
  1432 | D:2      | Found a radiant altar of Vehumet.
  1477 | D:2      | Found an iron altar of Okawaru.
  1756 | D:3      | Reached skill level 5 in Axes
  1890 | D:3      | Found a glowing drain.
  2012 | D:3      | Found a basalt altar of Yredelemnul.
  2187 | D:3      | Found a stormy altar of Qazlal.
  2266 | D:3      | Reached *** piety under Trog
  2422 | D:3      | Reached XP level 5. HP: 48/48 MP: 4/4
  2801 | D:4      | Noticed an ogre
  2805 | D:4      | Killed an ogre
  2805 | D:4      | Reached skill level 6 in Fighting
  3103 | D:4      | Reached XP level 6. HP: 45/57 MP: 5/5
  3114 | D:4      | Found Ranguskahac's Armour Emporium.
  3238 | D:4      | Reached **** piety under Trog
  3247 | D:4      | Reached skill level 7 in Axes
  3252 | D:4      | Found a sacrificial altar of Ru.
  3369 | D:4      | Killed from afar by an orc wizard

Action                   |  1- 3 |  4- 6 || total
-------------------------+-------+-------++-------
Melee: Hand axe          |    63 |   208 ||   271
Invok: Burn Spellbooks   |     1 |       ||     1
       Berserk           |       |     2 ||     2
  Use: Scroll            |     1 |     2 ||     3
       Potion            |       |     2 ||     2
  Eat: Meat ration       |       |     2 ||     2
       Bread ration      |       |     1 ||     1
